 Dungeon Crawl Stone Soup version 0.27-a0-323-gbd089401bb (webtiles) character file.

Game seed: 14160874657242074254

966 tabyourdongers the Sneak (level 7, -6/67 HPs)
             Began as a Troll Delver on Feb 10, 2021.
             Was a Priest of Uskayaw.
             Mangled by an orc warrior
             ... wielding a +0 dire flail
              (18 damage)
             ... on level 9 of the Dungeon.
             The game lasted 00:02:00 (690 turns).

tabyourdongers the Sneak (Troll Delver)              Turns: 690, Time: 00:02:01

Health: -6/67      AC:  6    Str: 23    XL:     7   Next: 93%
Magic:  6/6        EV: 10    Int:  6    God:    Uskayaw [***...]
Gold:   25         SH:  0    Dex: 11    Spells: 6/6 levels left

rFire    . . .     SeeInvis .     - Unarmed
rCold    . . .     Faith    .   (no shield)
rNeg     . . .     Spirit   .   a - +0 robe
rPois    .         Reflect  .   (helmet restricted)
rElec    .         Harm     .   (no cloak)
rCorr    .         Rampage  .   (gloves unavailable)
Will     .....                  (boots unavailable)
Stlth    +++.......             (no amulet)
HPRegen  0.61/turn              (no ring)
MPRegen  0.10/turn              (no ring)

@: no status effects
A: large, unfitting armour, claws 3, regeneration 1, shaggy fur 1, tough skin 3
a: Renounce Religion, Stomp, Line Pass


You were on level 9 of the Dungeon.
You worshipped Uskayaw.
Uskayaw was noncommittal.
You visited 1 branch of the dungeon, and saw 5 of its levels.

You collected 25 gold pieces.

Inventory:

Armour
 a - a +0 robe (worn)
Wands
 f - a wand of digging (3)
Scrolls
 b - a scroll of fog
 c - a scroll of magic mapping
 d - a scroll of immolation {unknown}
Potions
 e - a potion of haste
 g - a potion of brilliance {unknown}


   Skills:
 + Level 3.5 Fighting
 + Level 2.6 Dodging
 + Level 5.0 Stealth
 + Level 5.0 Unarmed Combat


You had 6 spell levels left.
You didn't know any spells.
Your spell library contained the following spells:

 Spells                   Type           Power        Failure   Level
 Magic Dart               Conj           0%           45%         1
 Blink                    Tloc           N/A          58%         2
 Call Imp                 Summ           0%           58%         2
 Slow                     Hex            0%           58%         2
 Conjure Flame            Conj/Fire      0%           83%         3
 Mephitic Cloud           Conj/Pois/Air  0%           83%         3


Dungeon Overview and Level Annotations

Branches:
Dungeon (9/15)
 Temple: D:4-7         Lair: D:8-11         Orc: D:9-12

Altars:
Fedhas
Trog
Uskayaw

Annotations:
D:9 2 runed translucent doors


Innate Abilities, Weirdness & Mutations

You are too large for most types of armour.
You have claws for hands.
Your natural rate of healing is unusually fast.
You are covered in fur. (AC +1)
You have extremely tough skin. (AC +3)


Message History

You are too injured to fight recklessly!
You are too injured to fight recklessly!
You are too injured to fight recklessly!
You are too injured to fight recklessly!
You are too injured to fight recklessly!
You are too injured to fight recklessly!
You are too injured to fight recklessly!
You claw the orc priest!
You kill the orc priest!
The hound bites you.
The phantom hits you but does no damage.
The orc wizard hits you but does no damage.
The orc warrior hits you with a +0 dire flail!
The phantom hits you.
* * * LOW HITPOINT WARNING * * *
The orc wizard hits you but does no damage.
The hound closely misses you.
Things that are here:
a +0 war axe; an orc corpse The orc wizard barely misses you.
The hound barely misses you.
The phantom hits you but does no damage.
The orc wizard hits you but does no damage.
You claw the phantom!
The phantom is moderately damaged.
The hound misses you. The phantom hits you.
* * * LOW HITPOINT WARNING * * *
Uskayaw will force your foes to helplessly watch your dance.
Uskayaw prepares the audience for your solo!
The helpless phantom fails to defend itself.
You scratch the phantom.
The phantom is moderately damaged.
The phantom is no longer paralysed.
The hound is no longer paralysed.
The orc warrior is no longer paralysed.
The orc wizard is no longer paralysed.
The hound barely misses you. The phantom hits you.
* * * LOW HITPOINT WARNING * * *
The hound barely misses you.
You scratch the orc warrior.
The orc warrior is lightly wounded.
The orc warrior hits you with a +0 dire flail!!
You die...

.( ♣. ##.. ..♣ ###..
#.♣. .... ♣....
#.(###... .♣ #..#C#.
♣... ##
#..#▓######++######▓#.
##...................#.
#....W@....#........##.
#...ooh..#.#........##.
##..<).....##.......##.
##.....#..##......##..
#.....#..##.<....##..
##...#..........##...
#####.........###...
#..####.......... ##.##
#####......


You could see a cyclops, an orc warrior, a phantom, a hound and an orc wizard.

Vanquished Creatures
  Joseph (D:8)
  A wyvern (D:8)
  A water moccasin (D:8)
  An ice beast (D:8)
  5 wights (D:8)
  A jelly (D:8)
  A hound (D:8)
  An orc priest (D:9)
  2 shadow imps (D:8)
  A white imp (D:8)
  2 orcs (D:7)
17 creatures vanquished.

Vanquished Creatures (others)
  2 fungi (D:7)
  A plant (D:7)
3 creatures vanquished.

Grand Total: 20 creatures vanquished

Notes
Turn   | Place    | Note
-------+----------+-------------------------------------------
     0 | D:5      | tabyourdongers the Troll Delver began the quest for the
                  | Orb.
     0 | D:5      | Reached XP level 1. HP: 22/22 MP: 0/0
     1 | D:6      | Noticed an orc priest
    49 | D:7      | Noticed a bullfrog
    57 | D:7      | Found a blossoming altar of Fedhas.
    59 | D:7      | Noticed a howler monkey
    76 | D:8      | Noticed a jelly
    79 | D:8      | Killed a jelly
    80 | D:8      | Reached XP level 2. HP: 24/29 MP: 1/1
    80 | D:8      | Reached XP level 3. HP: 30/36 MP: 2/2
    92 | D:8      | Noticed a wyvern
   102 | D:8      | Killed a wyvern
   103 | D:8      | Reached XP level 4. HP: 7/45 MP: 3/3
   103 | D:8      | Reached XP level 5. HP: 8/53 MP: 4/4
   207 | D:8      | Found a hide-covered altar of Uskayaw.
   236 | D:8      | Became a worshipper of Uskayaw the Reveller
   243 | D:8      | Found a bloodstained altar of Trog.
   296 | D:8      | Reached * piety under Uskayaw
   303 | D:8      | Reached ** piety under Uskayaw
   308 | D:8      | Reached *** piety under Uskayaw
   310 | D:8      | Reached XP level 6. HP: 49/61 MP: 5/5
   312 | D:8      | Reached **** piety under Uskayaw
   375 | D:8      | Noticed Joseph
   378 | D:8      | Noticed a water moccasin
   399 | D:8      | Killed Joseph
   400 | D:8      | Reached XP level 7. HP: 25/67 MP: 6/6
   427 | D:9      | Noticed a cyclops
   428 | D:9      | Found a large runed translucent door.
   429 | D:9      | Found a large runed translucent door.
   658 | D:8      | Reached skill level 5 in Stealth
   672 | D:8      | Reached skill level 5 in Unarmed Combat
   690 | D:9      | Mangled by an orc warrior

Illustrated notes

Levels and vault maps discovered:
D:5:      layout_gridville, lemuel_crystal_altar
D:6:      kennysheep_steamy, layout_cave_pools, minmay_temple_entry_mini_moons
D:7:      layout_cave_pools, fedhas_altar_3, vehumet_altar_wand_db, hex_tiny
D:8:      layout_loops_ring, eat_drink_and_be_merry_uskayaw,
          grunt_temple_overflow_diamond, basic_altar, uniq_joseph
D:9:      okawaru_arena_lexackson, layout_cave_pods, erik_orc_4

Skill      XL: |  1  2  3  4  5  6  7 |
---------------+----------------------+-----
Stealth        | 3 4 5 |  5.0
Fighting       | 3 |  3.5
Unarmed Combat | 3 4 5 |  5.0
Dodging        | 2 |  2.6

Action                   |  1- 3 |  4- 6 |  7- 9 || total
-------------------------+-------+-------+-------++-------
Melee: Unarmed           |    22 |    48 |    31 ||   101
       Punch             |       |     1 |     2 ||     3
  Use: Scroll            |       |     1 |     1 ||     2
 Stab: Sleeping          |     1 |     1 |     1 ||     3
       Paralysed         |       |     2 |     1 ||     3
Armor: Robe              |     5 |     5 |    14 ||    24
Dodge: Dodged            |    11 |    18 |    23 ||    52

Table legend: (Time is in decaauts)
 A = Elapsed time spent in this place.
 B = Non-inter-level travel time spent in this place.
 C = Inter-level travel time spent in this place.
 D = Time resting spent in this place.
 E = Time spent auto-exploring this place.
 F = Levels seen in this place.
 G = Mean time per level.
                   A        B        C        D        E       F      G
               +--------+--------+--------+--------+--------+-----+--------+
         Total |    683 |    680 |      3 |     81 |    357 |   5 |  136.6 |
       Dungeon |    683 |    680 |      3 |     81 |    357 |   5 |  136.6 |
               +--------+--------+--------+--------+--------+-----+--------+

Top non-repeatable levels by time:
     D:8: 445 daAuts
     D:9: 163 daAuts
     D:7: 70 daAuts
     D:6: 3 daAuts
     D:5: 1 daAuts
